[Event "EYCC Open-U16 2019"]
[Site "Bratislava"]
[Date "2019.08.02"]
[Round "1.1"]
[White "Kacharava, Nikolozi"]
[Black "Gavrilin, Roman"]
[Result "1-0"]
[ECO "B53"]
[WhiteElo "2431"]
[BlackElo "2131"]
[Annotator "NA"]
[PlyCount "101"]
[EventDate "2019.08.02"]
[EventType "swiss"]
[EventCountry "SVK"]
[SourceTitle "playchess.com"]
[Source "ChessBase"]
[SourceQuality "1"]
[TimeControl "40/5400+30:1800+30"]

1. e4 c5 2. Nf3 d6 3. d4 cxd4 4. Qxd4 a6 5. c4 Nc6 6. Qe3 g6 7. h3 Bg7 8. Be2 Nf6 9. O-O O-O 10. Nc3 Nd7 11. Rb1 b6 12. b3 Bb7 13. Bb2 e6 14. Ba3 Nde5 15. Rfd1 Nxf3+ 16. Bxf3 Be5 17. Bxd6 Bxd6 18. e5 Bc5 19. Rxd8 Bxe3 20. Rxf8+ Kxf8 21. fxe3 Rb8 22. Bxc6 Bxc6 23. Rd1 Rc8 24. Ne2 Be8 25. Rd6 b5 26. cxb5 axb5 27. Nd4 Rc5 28. Nf3 Bc6 29. b4 Rc2 30. Rd2 Rc1+ 31. Kf2 Bd5 32. Nd4 Bc4 33. Rc2 Rb1 34. a3 Ra1 35. Rc3 Ra2+ 36. Kf3 Bf1 37. Nc2 Bc4 38. e4 Rb2 39. Ne3 Bb3 40. Kf4 h6 41. h4 Ba4 42. Ng4 Rxg2 43. Rc8+ Kg7 44. Nf6 h5 45. Kf3 Rg1 46. Rg8+ Kh6 47. Nxh5 Kh7 48. Nf6+ Kh6 49. Rh8+ Kg7 50. Rh7+ Kf8 51. h5 1-0

[Event "EYCC Open-U16 2019"]
[Site "Bratislava"]
[Date "2019.08.02"]
[Round "1.2"]
[White "Kasioumis, Vasilios"]
[Black "Teclaf, Pawel"]
[Result "0-1"]
[ECO "B23"]
[WhiteElo "2015"]
[BlackElo "2454"]
[Annotator "ChessBase"]
[PlyCount "60"]
[EventDate "2019.08.02"]
[EventType "swiss"]
[EventCountry "SVK"]
[SourceTitle "playchess.com"]
[Source "ChessBase"]
[SourceQuality "1"]
[TimeControl "40/5400+30:1800+30"]

1. e4 c5 2. Nc3 a6 3. Nge2 d6 4. g3 Nf6 5. Bg2 e6 6. d4 cxd4 7. Nxd4 Be7 8. O-O O-O 9. Qe2 Qc7 10. Kh1 Nc6 11. Nxc6 bxc6 12. b3 d5 13. e5 Nd7 14. Bb2 a5 15. Rfe1 Nb6 16. a4 Ba6 17. Qg4 Bb4 18. Red1 Qxe5 19. Nxd5 Qxb2 20. Nxb6 Rad8 21. Qe4 Rd2 22. Rdc1 Rxf2 23. Qxc6 Qc3 24. Nd7 Qxc6 25. Bxc6 Rc8 26. c3 Be7 27. Bg2 Bg5 28. Rd1 Rxc3 29. h4 Rcc2 30. Rg1 Bb7 0-1

[Event "EYCC Open-U16 2019"]
[Site "Bratislava"]
[Date "2019.08.02"]
[Round "1.3"]
[White "Horvath, Dominik"]
[Black "Silich, Yahor"]
[Result "1-0"]
[ECO "A45"]
[WhiteElo "2424"]
[BlackElo "2100"]
[Annotator "NA"]
[PlyCount "53"]
[EventDate "2019.08.02"]
[EventType "swiss"]
[EventCountry "SVK"]
[SourceTitle "playchess.com"]
[Source "ChessBase"]
[SourceQuality "1"]
[TimeControl "40/5400+30:1800+30"]

1. d4 Nf6 2. Nc3 d5 3. Bf4 g6 4. e3 Bg7 5. h4 c6 6. Be2 h5 7. Nf3 Nbd7 8. Ne5 Nxe5 9. Bxe5 Be6 10. Qd2 O-O 11. Bd3 Rc8 12. Ne2 Qd7 13. Nf4 Bf5 14. f3 c5 15. c3 cxd4 16. Bxd4 Rfd8 17. O-O-O Bxd3 18. Qxd3 Qa4 19. Kb1 Ne4 20. fxe4 dxe4 21. Qxe4 e5 22. Nd5 Kh7 23. Qf3 exd4 24. exd4 Qc6 25. Nf4 Qb5 26. Qd3 Qd7 27. Nxh5 1-0

[Event "EYCC Open-U16 2019"]
[Site "Bratislava"]
[Date "2019.08.02"]
[Round "1.4"]
[White "Grutter, Tim"]
[Black "Subelj, Jan"]
[Result "1/2-1/2"]
[ECO "C54"]
[WhiteElo "2091"]
[BlackElo "2425"]
[Annotator "NA"]
[PlyCount "107"]
[EventDate "2019.08.02"]
[EventType "swiss"]
[EventCountry "SVK"]
[SourceTitle "playchess.com"]
[Source "ChessBase"]
[SourceQuality "1"]
[TimeControl "40/5400+30:1800+30"]

1. e4 e5 2. Nf3 Nc6 3. Bc4 Bc5 4. c3 Nf6 5. d3 d6 6. Bb3 a6 7. Nbd2 O-O 8. O-O Ba7 9. h3 Ne7 10. Re1 Ng6 11. Nf1 b5 12. Ng3 Bb7 13. d4 exd4 14. Nxd4 Re8 15. Bc2 d5 16. Bg5 h6 17. Bxf6 Qxf6 18. Qg4 Bxd4 19. cxd4 Qxd4 20. Bb3 Ne5 21. Nf5 Nxg4 22. Nxd4 Nf6 23. Rac1 dxe4 24. Rxc7 Bd5 25. Bxd5 Nxd5 26. Rd7 Nb4 27. Nf5 Nxa2 28. Rd4 a5 29. Nd6 Red8 30. Nxb5 Rxd4 31. Nxd4 Rb8 32. Rxe4 Rxb2 33. Nc6 Nb4 34. Nxa5 Nd3 35. f3 f5 36. Rd4 Ne1 37. Nc4 Ra2 38. Rd2 Rxd2 39. Nxd2 Nd3 40. g3 Kf7 41. f4 Ke6 42. Kg2 Kd5 43. Kf3 g6 44. Nf1 Ne1+ 45. Ke3 Nc2+ 46. Kd3 Nd4 47. Ne3+ Kc5 48. g4 h5 49. gxh5 gxh5 50. h4 Ne6 51. Nxf5 Nxf4+ 52. Ke4 Ng6 53. Ng7 Nxh4 54. Nxh5 1/2-1/2

[Event "EYCC Open-U16 2019"]
[Site "Bratislava"]
[Date "2019.08.02"]
[Round "1.5"]
[White "Olsen, Filip Boe"]
[Black "Vorisek, Jakub"]
[Result "0-1"]
[ECO "D35"]
[WhiteElo "2383"]
[BlackElo "2071"]
[Annotator "NA"]
[PlyCount "73"]
[EventDate "2019.08.02"]
[EventType "swiss"]
[EventCountry "SVK"]
[SourceTitle "playchess.com"]
[Source "ChessBase"]
[SourceQuality "1"]
[TimeControl "40/5400+30:1800+30"]

1. d4 d5 2. c4 e6 3. Nc3 Nf6 4. cxd5 exd5 5. Bg5 c6 6. e3 h6 7. Bh4 Be6 8. Bd3 Nbd7 9. Nge2 g5 10. Bg3 Nh5 11. Qc2 Nxg3 12. Nxg3 h5 13. O-O-O h4 14. Nf5 Qa5 15. a3 O-O-O 16. g3 Kb8 17. gxh4 gxh4 18. Rhg1 Qc7 19. h3 Nf6 20. f3 Bxf5 21. Bxf5 Bh6 22. Qf2 Rde8 23. Rde1 Rxe3 24. Rxe3 Qf4 25. Kc2 Qxe3 26. Qxe3 Bxe3 27. Rg7 Rf8 28. Kd3 Bh6 29. Rg2 Re8 30. Re2 Kc7 31. b3 Rxe2 32. Nxe2 Nh5 33. Bg4 Ng3 34. Nxg3 hxg3 35. Ke2 Bg7 36. Ke3 Bxd4+ 37. Kxd4 0-1

[Event "EYCC Open-U16 2019"]
[Site "Bratislava"]
[Date "2019.08.02"]
[Round "1.6"]
[White "Viczencz, Peter"]
[Black "Stoyanov, Tsvetan"]
[Result "0-1"]
[ECO "B01"]
[WhiteElo "2014"]
[BlackElo "2387"]
[Annotator "NA"]
[PlyCount "66"]
[EventDate "2019.08.02"]
[EventType "swiss"]
[EventCountry "SVK"]
[SourceTitle "playchess.com"]
[Source "ChessBase"]
[SourceQuality "1"]
[TimeControl "40/5400+30:1800+30"]

1. e4 d5 2. exd5 Qxd5 3. Nc3 Qd6 4. d4 Nf6 5. Bc4 g6 6. Nf3 Bg4 7. Be3 c6 8. h3 Bxf3 9. Qxf3 Bg7 10. O-O Nbd7 11. Rad1 e6 12. a3 O-O 13. Rfe1 Nd5 14. Ne4 Qc7 15. Bg5 Qb6 16. b3 Bxd4 17. Bxd5 cxd5 18. Rxd4 Qxd4 19. Nf6+ Nxf6 20. Bxf6 Qd2 21. Re2 Qc1+ 22. Kh2 Qh6 23. h4 Rfc8 24. g3 Rc6 25. Bg5 Qf8 26. Bf6 Rac8 27. c3 Qxa3 28. b4 Rxc3 29. Rc2 Rxc2 30. Qxa3 Rxf2+ 31. Kh3 Rxf6 32. Qxa7 h5 33. Qd4 Rf3 0-1

[Event "EYCC Open-U16 2019"]
[Site "Bratislava"]
[Date "2019.08.02"]
[Round "1.7"]
[White "Svane, Frederik"]
[Black "Placer, Sebastian"]
[Result "1-0"]
[ECO "B11"]
[WhiteElo "2334"]
[BlackElo "2040"]
[Annotator "NA"]
[PlyCount "165"]
[EventDate "2019.08.02"]
[EventType "swiss"]
[EventCountry "SVK"]
[SourceTitle "playchess.com"]
[Source "ChessBase"]
[SourceQuality "1"]
[TimeControl "40/5400+30:1800+30"]

1. e4 c6 2. Nc3 d5 3. Nf3 Bg4 4. h3 Bxf3 5. Qxf3 e6 6. d4 dxe4 7. Qxe4 Nf6 8. Qd3 Nbd7 9. g3 Be7 10. Bg2 O-O 11. O-O Qc7 12. Bf4 Bd6 13. Bxd6 Qxd6 14. Rad1 Rad8 15. a3 Qc7 16. Rfe1 Rfe8 17. Ne4 Nxe4 18. Qxe4 Nf6 19. Qe5 Rd7 20. Qxc7 Rxc7 21. c3 Rd7 22. Bf3 Red8 23. Kg2 Nd5 24. Rc1 Kf8 25. Rc2 h6 26. Re5 Ke7 27. Re1 Rd6 28. Rce2 R6d7 29. Rc1 Rd6 30. Ra1 R6d7 31. Rae1 Nf6 32. Re5 Nd5 33. Bd1 Kf8 34. Bb3 Rd6 35. R5e2 R6d7 36. Re5 Rd6 37. h4 R6d7 38. h5 Nf6 39. Kf3 Rc7 40. g4 c5 41. Rxc5 Rxc5 42. dxc5 Rc8 43. Rd1 Ke7 44. Rd4 Rxc5 45. Rc4 Rxc4 46. Bxc4 Kd6 47. Kf4 Nd7 48. Ke4 Nc5+ 49. Kd4 Na4 50. b3 e5+ 51. Ke3 Nxc3 52. Bxf7 Nb5 53. a4 Nd4 54. Ke4 Nc6 55. Bd5 Ne7 56. Bxb7 a5 57. f3 Ng8 58. Kf5 Ne7+ 59. Ke4 Ng8 60. Ba6 Ne7 61. Bb5 Nd5 62. Bc4 Ne7 63. Bf7 Nc6 64. Bg8 Ne7 65. Bc4 Nc6 66. Ba6 Ne7 67. Bb7 Ng8 68. g5 Ne7 69. gxh6 gxh6 70. Ba6 Ke6 71. Be2 Kf6 72. f4 exf4 73. Kxf4 Nd5+ 74. Ke4 Nc3+ 75. Kd3 Nxe2 76. Kxe2 Ke6 77. Kd3 Kd5 78. Kc3 Kc5 79. b4+ axb4+ 80. Kb3 Kc6 81. Kxb4 Kb6 82. Kc4 Ka5 83. Kd5 1-0

[Event "EYCC Open-U16 2019"]
[Site "Bratislava"]
[Date "2019.08.02"]
[Round "1.8"]
[White "Nagy, Ladislav"]
[Black "Sahidi, Samir"]
[Result "0-1"]
[ECO "A06"]
[WhiteElo "2061"]
[BlackElo "2369"]
[Annotator "NA"]
[PlyCount "170"]
[EventDate "2019.08.02"]
[EventType "swiss"]
[EventCountry "SVK"]
[SourceTitle "playchess.com"]
[Source "ChessBase"]
[SourceQuality "1"]
[TimeControl "40/5400+30:1800+30"]

1. Nf3 d5 2. g3 Nf6 3. Bg2 Bg4 4. d3 Nc6 5. Nbd2 h6 6. e4 dxe4 7. dxe4 Nxe4 8. Nxe4 Qxd1+ 9. Kxd1 Nd4 10. Be3 Nxf3 11. h3 O-O-O+ 12. Kc1 Bh5 13. Nc5 c6 14. Nd3 Nd4 15. Nf4 Bf3 16. Bxf3 Nxf3 17. Bxa7 e5 18. Nd3 e4 19. Nc5 Bxc5 20. Bxc5 Rd5 21. Be3 g5 22. b3 f5 23. Kb2 Rf8 24. c4 Rd3 25. Rad1 Ne5 26. Kc2 f4 27. gxf4 gxf4 28. Bd4 Nf3 29. Bg7 Rfd8 30. Bxh6 Rd2+ 31. Rxd2 Rxd2+ 32. Kb1 Rxf2 33. Bxf4 Rg2 34. Bc1 Nd4 35. h4 Ne2 36. Bb2 Ng3 37. Re1 Kd7 38. Be5 Ne2 39. h5 Ke6 40. Bb2 Kf5 41. h6 Kg6 42. Rh1 Kh7 43. Rh4 Ng3 44. Be5 Nf1 45. Rh1 Nd2+ 46. Kc1 Nf3 47. Bf4 Nd4 48. Kb1 Ne2 49. Be5 Ng1 50. Bf4 Ne2 51. Be5 Rf2 52. a4 c5 53. Rh3 Rf3 54. Rh4 e3 55. Kc2 Ng1 56. Bc3 Rf2+ 57. Kd3 e2 58. Re4 Rf3+ 59. Re3 Rf7 60. Kd2 Kxh6 61. Rg3 Rf1 62. Re3 Kg5 63. Re7 Kg4 64. Kc2 Kg3 65. Rxb7 Nf3 66. Re7 e1=Q 67. Bxe1+ Nxe1+ 68. Kd2 Nf3+ 69. Kc3 Nd4 70. Rg7+ Kh4 71. Rb7 Rf3+ 72. Kb2 Rf2+ 73. Kc3 Rf3+ 74. Kb2 Nc6 75. Rb5 Nb4 76. a5 Kg4 77. Ka3 Rf1 78. Kb2 Kf4 79. Kc3 Rf3+ 80. Kd2 Rf2+ 81. Kd1 Ke3 82. Kc1 Kd4 83. Kd1 Nd3 84. a6 Ke3 85. a7 Rd2# 0-1

[Event "EYCC Open-U16 2019"]
[Site "Bratislava"]
[Date "2019.08.02"]
[Round "1.9"]
[White "Remizov, Yaroslav"]
[Black "Ampelakiotis, Stavros"]
[Result "1/2-1/2"]
[ECO "B49"]
[WhiteElo "2357"]
[BlackElo "2080"]
[Annotator "NA"]
[PlyCount "82"]
[EventDate "2019.08.02"]
[EventType "swiss"]
[EventCountry "SVK"]
[SourceTitle "playchess.com"]
[Source "ChessBase"]
[SourceQuality "1"]
[TimeControl "40/5400+30:1800+30"]

1. e4 c5 2. Nf3 Nc6 3. d4 cxd4 4. Nxd4 e6 5. Nc3 Qc7 6. Be2 a6 7. Be3 Nf6 8. O-O Bb4 9. Nxc6 bxc6 10. Qd4 c5 11. Qc4 O-O 12. Bf3 d6 13. a3 Bxc3 14. Qxc3 Bb7 15. e5 dxe5 16. Qxc5 Rfc8 17. Qxc7 Rxc7 18. Bb6 Rd7 19. Ba5 Rc8 20. Rfd1 Bxf3 21. Rxd7 Nxd7 22. gxf3 Kf8 23. Rc1 Ke8 24. c4 Nc5 25. Rc3 Rc6 26. b4 Nb7 27. b5 Rc8 28. Bb4 a5 29. c5 axb4 30. axb4 Kd8 31. c6 Kc7 32. cxb7+ Kxb7 33. Re3 Rc4 34. Rxe5 Rxb4 35. Rg5 g6 36. Rc5 Kb6 37. Rc6+ Kxb5 38. Rc7 Rf4 39. Kg2 Kb6 40. Rc8 Kb7 41. Rc3 Kb6 1/2-1/2

[Event "EYCC Open-U16 2019"]
[Site "Bratislava"]
[Date "2019.08.02"]
[Round "1.10"]
[White "Stremavicius, Pijus"]
[Black "Sorensen, Hampus"]
[Result "1/2-1/2"]
[ECO "D30"]
[WhiteElo "2071"]
[BlackElo "2352"]
[Annotator "NA"]
[PlyCount "130"]
[EventDate "2019.08.02"]
[EventType "swiss"]
[EventCountry "SVK"]
[SourceTitle "playchess.com"]
[Source "ChessBase"]
[SourceQuality "1"]
[TimeControl "40/5400+30:1800+30"]

1. d4 d5 2. c4 e6 3. Nf3 a6 4. e3 Nf6 5. Nbd2 c5 6. b3 cxd4 7. exd4 b6 8. Bb2 Bb7 9. Bd3 Be7 10. O-O Nbd7 11. Qe2 O-O 12. Ne5 dxc4 13. bxc4 Nxe5 14. dxe5 Nd7 15. Be4 Qc7 16. Bxb7 Qxb7 17. Ne4 Nc5 18. Nxc5 Bxc5 19. Rfd1 Rfd8 20. Rd3 Rxd3 21. Qxd3 h6 22. Rd1 Rc8 23. h3 Qc6 24. Qd7 Bb4 25. Qxc6 Rxc6 26. Rc1 Kf8 27. Kf1 Ke8 28. Ke2 Kd7 29. Kd3 Rc8 30. Ke4 Kc6 31. Rd1 h5 32. Rd3 Rc7 33. f4 g6 34. Rd8 b5 35. cxb5+ Kxb5 36. Kd3 Be7 37. Rd4 Rb7 38. g4 hxg4 39. hxg4 Bc5 40. Rd8 Ka4 41. Bc1 a5 42. Rc8 Rd7+ 43. Kc2 Bb4 44. Rc4 Kb5 45. Rc8 Rd4 46. Rb8+ Kc6 47. Rc8+ Kb7 48. Rh8 Rc4+ 49. Kd1 Kc6 50. Rh7 Rd4+ 51. Kc2 Rd7 52. Rh8 Kd5 53. Rc8 Ke4 54. Rc4+ Kf3 55. f5 gxf5 56. gxf5 exf5 57. Rf4+ Ke2 58. Rxf5 Rc7+ 59. Kb1 Bc3 60. Rh5 Kd3 61. Bb2 Bxb2 62. Kxb2 Rc2+ 63. Kb3 Rf2 64. Rh6 Kd4 65. e6 fxe6 1/2-1/2

[Event "EYCC Open-U16 2019"]
[Site "Bratislava"]
[Date "2019.08.02"]
[Round "1.11"]
[White "Globus, Or"]
[Black "Holly, Andrej"]
[Result "1-0"]
[ECO "E92"]
[WhiteElo "2352"]
[BlackElo "2046"]
[Annotator "NA"]
[PlyCount "65"]
[EventDate "2019.08.02"]
[EventType "swiss"]
[EventCountry "SVK"]
[SourceTitle "playchess.com"]
[Source "ChessBase"]
[SourceQuality "1"]
[TimeControl "40/5400+30:1800+30"]

1. c4 Nf6 2. Nc3 g6 3. d4 Bg7 4. e4 d6 5. Nf3 O-O 6. Be2 e5 7. d5 a5 8. O-O Na6 9. Bg5 Nc5 10. Nd2 h6 11. Be3 Qe7 12. a3 Ne8 13. b4 axb4 14. axb4 Rxa1 15. Qxa1 Na6 16. Qa5 f5 17. f3 f4 18. Bf2 Nf6 19. c5 Nb8 20. Nb5 Na6 21. cxd6 cxd6 22. Nc4 Ne8 23. Rc1 Bd7 24. Na7 g5 25. Qb6 Ba4 26. Na5 Rf7 27. Nc8 Qd7 28. Nxb7 Qxb7 29. Bxa6 Qxb6 30. Nxb6 Rc7 31. Rxc7 Nxc7 32. Nxa4 Nxa6 33. b5 1-0

[Event "EYCC Open-U16 2019"]
[Site "Bratislava"]
[Date "2019.08.02"]
[Round "1.12"]
[White "Minko, Dmitry"]
[Black "Veiga, Jose Francisco R P N"]
[Result "1-0"]
[ECO "C45"]
[WhiteElo "2061"]
[BlackElo "2357"]
[Annotator "NA"]
[PlyCount "101"]
[EventDate "2019.08.02"]
[EventType "swiss"]
[EventCountry "SVK"]
[SourceTitle "playchess.com"]
[Source "ChessBase"]
[SourceQuality "1"]
[TimeControl "40/5400+30:1800+30"]

1. e4 e5 2. Nf3 Nc6 3. d4 exd4 4. Nxd4 Bc5 5. Be3 Qf6 6. c3 Nge7 7. g3 Nxd4 8. Bxd4 Bxd4 9. Qxd4 Qxd4 10. cxd4 d5 11. e5 Bg4 12. Be2 Bxe2 13. Kxe2 f6 14. exf6 gxf6 15. Kd3 Kd7 16. Nd2 Rhe8 17. Rae1 Nf5 18. Nf3 Rxe1 19. Rxe1 Nd6 20. Nd2 b6 21. f4 c5 22. b3 a5 23. g4 a4 24. dxc5 bxc5 25. g5 axb3 26. axb3 fxg5 27. fxg5 Nf7 28. h4 Kd6 29. Nf3 Ra2 30. Re8 Rf2 31. Ke3 Rb2 32. Kf4 Rxb3 33. h5 Kd7 34. Ra8 Ke6 35. Re8+ Kd7 36. Ra8 Ke7 37. g6 hxg6 38. hxg6 Rb4+ 39. Kf5 Nh6+ 40. Kg5 Ng4 41. g7 Nf6 42. Ra7+ Ke6 43. Kg6 Rb6 44. Ng5+ Ke5 45. Re7+ Kf4 46. Rf7 Ke5 47. Nf3+ Ke4 48. Rxf6 Rb8 49. Ng5+ Ke5 50. Rf8 Rb6+ 51. Kh5 1-0

[Event "EYCC Open-U16 2019"]
[Site "Bratislava"]
[Date "2019.08.02"]
[Round "1.13"]
[White "Boyer, Mahel"]
[Black "Akulov, Lev"]
[Result "1/2-1/2"]
[ECO "B20"]
[WhiteElo "2295"]
[BlackElo "2068"]
[Annotator "NA"]
[PlyCount "91"]
[EventDate "2019.08.02"]
[EventType "swiss"]
[EventCountry "SVK"]
[SourceTitle "playchess.com"]
[Source "ChessBase"]
[SourceQuality "1"]
[TimeControl "40/5400+30:1800+30"]

1. e4 c5 2. d3 e6 3. g3 b6 4. Bg2 Bb7 5. f4 g6 6. Nf3 Bg7 7. O-O Ne7 8. c3 O-O 9. Re1 d5 10. e5 Nbc6 11. Na3 a6 12. Nc2 Qc7 13. Be3 b5 14. Kh1 c4 15. d4 Rfb8 16. g4 Bc8 17. Qd2 Na5 18. Bf2 Nec6 19. Bh3 Bf8 20. Bh4 b4 21. Bf6 bxc3 22. bxc3 Rb2 23. Qf2 Nb8 24. Re2 Nac6 25. f5 h6 26. Rf1 Ra7 27. Nh4 g5 28. Nf3 Nd7 29. Bxg5 hxg5 30. fxe6 Ndxe5 31. Nxe5 Bxe6 32. Bg2 Bg7 33. Nxc4 dxc4 34. d5 Nd8 35. dxe6 Nxe6 36. Qf5 Qd8 37. Rxe6 fxe6 38. Qxe6+ Kh8 39. Rf3 Rb1+ 40. Ne1 Bxc3 41. Rxc3 Kg7 42. Rf3 Qe7 43. Qxc4 Rxe1+ 44. Bf1 Qe4 45. Qc3+ Qe5 46. Qxe5+ 1/2-1/2

[Event "EYCC Open-U16 2019"]
[Site "Bratislava"]
[Date "2019.08.02"]
[Round "1.14"]
[White "Torngren, Gustav"]
[Black "Degraeve, Remy"]
[Result "1-0"]
[ECO "E32"]
[WhiteElo "2109"]
[BlackElo "2349"]
[Annotator "NA"]
[PlyCount "191"]
[EventDate "2019.08.02"]
[EventType "swiss"]
[EventCountry "SVK"]
[SourceTitle "playchess.com"]
[Source "ChessBase"]
[SourceQuality "1"]
[TimeControl "40/5400+30:1800+30"]

1. d4 Nf6 2. c4 e6 3. Nc3 Bb4 4. Qc2 O-O 5. Nf3 d5 6. Bg5 h6 7. Bh4 g5 8. Bg3 c5 9. e3 Nc6 10. Be2 cxd4 11. exd4 Ne4 12. O-O Nxg3 13. hxg3 Be7 14. Rad1 Bf6 15. Rfe1 b6 16. Bf1 Bb7 17. Ne5 Kg7 18. cxd5 exd5 19. Bb5 Rc8 20. Qf5 Ne7 21. Qf3 a6 22. Ba4 Rc7 23. Ng4 Ng8 24. Ne3 Ne7 25. Bc2 Qd6 26. Qf5 Rh8 27. Qd3 Bc8 28. Re2 h5 29. Bb3 Be6 30. Qxa6 Rcc8 31. Ncxd5 Nxd5 32. Bxd5 h4 33. Bxe6 fxe6 34. g4 h3 35. Red2 hxg2 36. Qb7+ Rc7 37. Qxg2 Qf4 38. d5 Rd8 39. Qh2 Qxh2+ 40. Kxh2 Rcd7 41. Kg2 exd5 42. Rxd5 Rxd5 43. Rxd5 Ra8 44. Rb5 Rxa2 45. Nc4 Ra4 46. b3 Ra2 47. Nxb6 Bd4 48. Rxg5+ Kh6 49. Rf5 Rb2 50. Rf3 Kg5 51. Nc4 Rb1 52. Rd3 Ba7 53. Kf3 Rh1 54. Rd5+ Kg6 55. Rb5 Rh3+ 56. Kg2 Rc3 57. Nd2 Rd3 58. Ne4 Rd4 59. Kf3 Rd3+ 60. Ke2 Rd4 61. f3 Rd7 62. b4 Rf7 63. Rg5+ Kh6 64. Rd5 Rb7 65. b5 Bb8 66. Kd3 Kg6 67. Kc4 Rf7 68. Rg5+ Kh6 69. Rf5 Rc7+ 70. Nc5 Ba7 71. Kb4 Kg6 72. Nd3 Be3 73. Ne5+ Kg7 74. Nc6 Rd7 75. Kc4 Rd1 76. Rd5 Rc1+ 77. Kd3 Bg1 78. Ke4 Kf6 79. Rd6+ Kg5 80. Rd5+ Kf6 81. Rf5+ Kg6 82. Kd5 Rd1+ 83. Ke6 Bh2 84. Ne5+ Kg7 85. Rg5+ Kh6 86. Rh5+ Kg7 87. Rxh2 Rb1 88. Rc2 Rxb5 89. Rc7+ Kh6 90. Rc6 Kg7 91. Kf5 Rb3 92. Kg5 Rb5 93. f4 Ra5 94. Rc7+ Kg8 95. Kh6 Kf8 96. Rc8+ 1-0

[Event "EYCC Open-U16 2019"]
[Site "Bratislava"]
[Date "2019.08.02"]
[Round "1.15"]
[White "Pogosyan, Stefan"]
[Black "Barak, David"]
[Result "1-0"]
[ECO "A59"]
[WhiteElo "2334"]
[BlackElo "2015"]
[Annotator "NA"]
[PlyCount "73"]
[EventDate "2019.08.02"]
[EventType "swiss"]
[EventCountry "SVK"]
[SourceTitle "playchess.com"]
[Source "ChessBase"]
[SourceQuality "1"]
[TimeControl "40/5400+30:1800+30"]

1. d4 Nf6 2. c4 c5 3. d5 b5 4. cxb5 a6 5. bxa6 g6 6. Nc3 Bxa6 7. e4 Bxf1 8. Kxf1 d6 9. Nf3 Bg7 10. g3 O-O 11. Kg2 Qb6 12. a4 Na6 13. a5 Qb7 14. Nd2 Nd7 15. Nc4 Nb4 16. Qe2 Kh8 17. h4 Nf6 18. Bg5 Ra6 19. h5 Kg8 20. hxg6 fxg6 21. Rad1 Rf7 22. f4 Nh5 23. e5 Qc8 24. e6 Rf5 25. Rxh5 gxh5 26. Qe4 Qf8 27. Bxe7 Qxe7 28. Qxf5 h4 29. g4 Ra8 30. Qf7+ Qxf7 31. exf7+ Kxf7 32. Nxd6+ Kf8 33. Nb7 Ra7 34. Nxc5 Rxa5 35. Ne6+ Kf7 36. Nxg7 Kxg7 37. Kh3 1-0

[Event "EYCC Open-U16 2019"]
[Site "Bratislava"]
[Date "2019.08.02"]
[Round "1.16"]
[White "Lomandong, Marc-Antoine"]
[Black "Suvorov, Alexander"]
[Result "0-1"]
[ECO "A46"]
[WhiteElo "2073"]
[BlackElo "2333"]
[Annotator "NA"]
[PlyCount "78"]
[EventDate "2019.08.02"]
[EventType "swiss"]
[EventCountry "SVK"]
[SourceTitle "playchess.com"]
[Source "ChessBase"]
[SourceQuality "1"]
[TimeControl "40/5400+30:1800+30"]

1. d4 Nf6 2. Nf3 e6 3. b3 b6 4. Bb2 Bb7 5. Nbd2 d5 6. e3 Bd6 7. Ne5 O-O 8. f4 c5 9. Bd3 Nc6 10. c3 Ne7 11. Qf3 Qc7 12. g4 c4 13. Bc2 b5 14. Rc1 cxb3 15. axb3 a5 16. Rg1 a4 17. b4 Rfc8 18. Rg3 a3 19. Ba1 Ne4 20. Rh3 Ng6 21. Nxg6 hxg6 22. Nxe4 dxe4 23. Qf2 f6 24. Qh4 Kf7 25. f5 Rh8 26. fxe6+ Kxe6 27. Qxh8 Rxh8 28. Rxh8 Bxh2 29. Kd2 Qg3 30. Bb3+ Bd5 31. Bxd5+ Kxd5 32. Re1 Bg1 33. Rc8 Qg2+ 34. Re2 Qf1 35. c4+ bxc4 36. Rc5+ Kd6 37. Rxc4 Qxa1 38. Rc1 Qb2+ 39. Kd1 Qb3+ 0-1

[Event "EYCC Open-U16 2019"]
[Site "Bratislava"]
[Date "2019.08.02"]
[Round "1.17"]
[White "Milosevic, Milos"]
[Black "Sismeiro, Miguel"]
[Result "1/2-1/2"]
[ECO "B23"]
[WhiteElo "2312"]
[BlackElo "2103"]
[Annotator "NA"]
[PlyCount "124"]
[EventDate "2019.08.02"]
[EventType "swiss"]
[EventCountry "SVK"]
[SourceTitle "playchess.com"]
[Source "ChessBase"]
[SourceQuality "1"]
[TimeControl "40/5400+30:1800+30"]

1. e4 c5 2. Nc3 a6 3. Nge2 e6 4. g3 Nc6 5. Bg2 b5 6. O-O Bb7 7. d3 d6 8. f4 Be7 9. f5 e5 10. Nd5 Nf6 11. Nxe7 Qxe7 12. Bg5 Qc7 13. Nc3 Nd4 14. Bxf6 gxf6 15. a4 b4 16. Nb1 Ke7 17. c3 Nc6 18. Qh5 Rag8 19. Nd2 Qd8 20. Qh6 Qf8 21. Qxf8+ Rxf8 22. Rac1 bxc3 23. bxc3 Nb8 24. Rb1 Bc6 25. Nc4 Nd7 26. Na5 Ba8 27. Bf3 Rb8 28. Kf2 Rb6 29. Nc4 Rxb1 30. Rxb1 Bc6 31. Na5 Bxa4 32. Ra1 Nb6 33. Nc4 Nxc4 34. Rxa4 Nd2 35. Rxa6 Rd8 36. Bh5 Rd7 37. Rb6 c4 38. Ke3 Nb3 39. Rb4 Na5 40. dxc4 Rc7 41. Be2 Nb7 42. Ra4 Nc5 43. Ra8 Rb7 44. Bh5 Rb3 45. Ra7+ Rb7 46. Rxb7+ Nxb7 47. Bd1 Nc5 48. Bc2 h6 49. Ke2 Ke8 50. Ke3 Ke7 51. Bd1 Kf8 52. h4 Ke7 53. Bc2 Kf8 54. Ke2 Ke8 55. Kf3 Kf8 56. Kg4 Kg8 57. Kh5 Kh7 58. g4 Kg7 59. g5 fxg5 60. hxg5 hxg5 61. Kxg5 f6+ 62. Kg4 Kh6 1/2-1/2

[Event "EYCC Open-U16 2019"]
[Site "Bratislava"]
[Date "2019.08.02"]
[Round "1.18"]
[White "Vadila, Ondrej"]
[Black "Dudin, Gleb"]
[Result "0-1"]
[ECO "B06"]
[WhiteElo "2048"]
[BlackElo "2283"]
[Annotator "ChessBase"]
[PlyCount "186"]
[EventDate "2019.08.02"]
[EventType "swiss"]
[EventCountry "SVK"]
[SourceTitle "playchess.com"]
[Source "ChessBase"]
[SourceQuality "1"]
[TimeControl "40/5400+30:1800+30"]

1. d4 g6 2. e4 d6 3. Nc3 Bg7 4. Be3 a6 5. a4 b6 6. g3 Bb7 7. Bg2 Nd7 8. Nge2 Ngf6 9. O-O e5 10. h3 O-O 11. d5 Re8 12. Qd2 a5 13. Rad1 Nc5 14. b3 Qd7 15. Rfe1 Rad8 16. Bh6 Ba6 17. g4 Qe7 18. Ng3 Bxh6 19. Qxh6 Qf8 20. Qe3 Nfd7 21. Bf1 Qe7 22. Bxa6 Nxa6 23. Nb5 Rf8 24. Kh2 Qh4 25. Qe2 Ra8 26. Qf3 Kh8 27. Qe3 Rae8 28. Qe2 Ndc5 29. Qe3 Re7 30. Rd2 Nd7 31. Qe2 Ra8 32. Qf3 Qg5 33. Qe3 Qf4 34. f3 Qf6 35. Rg1 Qh4 36. Re1 Nf6 37. Rg1 h6 38. Rdg2 Nc5 39. Ne2 Nh7 40. Rg3 Ng5 41. Qc1 Rf8 42. Qf1 Na6 43. Na3 Nb4 44. Nc4 f5 45. gxf5 gxf5 46. exf5 Nxd5 47. Rg4 Qh5 48. Ng3 Qf7 49. Ne4 Qxf5 50. Nxg5 hxg5 51. Rxg5 Qf4+ 52. R1g3 Nf6 53. Qe2 Rg8 54. Rxg8+ Nxg8 55. Qe4 Qxe4 56. fxe4 Nf6 57. Nd2 Nh5 58. Rg4 Rf7 59. Kg2 Nf4+ 60. Kg3 Ne2+ 61. Kg2 Nd4 62. c3 Ne2 63. c4 Rh7 64. h4 Rf7 65. Nf3 Nf4+ 66. Kg3 Nh5+ 67. Kg2 Nf6 68. Ng5 Rg7 69. Rg3 Kg8 70. Kf3 Nh5 71. Rg1 Nf4 72. Rg3 Kf8 73. Kg4 Ke7 74. h5 Rg8 75. h6 Kf6 76. Kh4 Rh8 77. h7 Ne6 78. Rf3+ Ke7 79. Nxe6 Rxh7+ 80. Kg5 Kxe6 81. Kg6 Rh4 82. Rf6+ Kd7 83. Rf7+ Kc6 84. Kf5 Rf4+ 85. Ke6 Rxf7 86. Kxf7 Kc5 87. Ke6 Kd4 88. Kd7 c5 89. Kc6 Kxe4 90. Kxb6 Kd4 91. Kxa5 e4 92. Kb6 e3 93. a5 e2 0-1

[Event "EYCC Open-U16 2019"]
[Site "Bratislava"]
[Date "2019.08.02"]
[Round "1.19"]
[White "Stefansson, Vignir Vatnar"]
[Black "Dabic, Stjepan"]
[Result "1-0"]
[ECO "E73"]
[WhiteElo "2293"]
[BlackElo "2102"]
[Annotator "NA"]
[PlyCount "71"]
[EventDate "2019.08.02"]
[EventType "swiss"]
[EventCountry "SVK"]
[SourceTitle "playchess.com"]
[Source "ChessBase"]
[SourceQuality "1"]
[TimeControl "40/5400+30:1800+30"]

1. c4 g6 2. d4 Nf6 3. Nc3 Bg7 4. e4 d6 5. Be2 Nbd7 6. Bg5 O-O 7. Qd2 e5 8. d5 a5 9. f3 Nc5 10. Bd1 h6 11. Bxh6 Nfxe4 12. fxe4 Qh4+ 13. g3 Qxh6 14. Bf3 f5 15. Qxh6 Bxh6 16. Ke2 Bd7 17. h3 Rf6 18. Bg2 fxe4 19. Nxe4 Nxe4 20. Bxe4 Raf8 21. Nf3 Bf5 22. Bxf5 gxf5 23. Rhg1 Kh7 24. Raf1 c5 25. g4 fxg4 26. hxg4 Rf4 27. g5 Bg7 28. g6+ Kg8 29. Ng5 Rxc4 30. Rf7 Rf4 31. Rxb7 Rb4 32. Rxb4 axb4 33. Ne6 Rf5 34. a4 bxa3 35. bxa3 e4 36. Rb1 1-0